 Dungeon Crawl Stone Soup version 0.31-a0-164-g2312942fda (webtiles) character file.

Game seed: 15801638802138488645

156 Irreverend the Digger (level 5, -3/28 HPs)
             Began as a Gargoyle Earth Elementalist on June 14, 2023.
             Frozen to death by an endoplasm (5 damage)
             ... on level 4 of the Dungeon.
             The game lasted 00:04:02 (2438 turns).

Irreverend the Digger (Gargoyle Earth Elementalist) Turns: 2438, Time: 00:04:03

Health: -3/28      AC:  6    Str: 11    XL:     5   Next: 37%
Magic:  0/9        EV: 12    Int: 18    God:
Gold:   78         SH:  0    Dex: 10    Spells: 6/10 levels left

rFire   . . .        c - +1 dagger (venom)
rCold   . . .        (no shield)
rNeg    + . .        a - +0 robe
rPois   ∞            (no helmet)
rElec   +            (no cloak)
rCorr   .            (no gloves)
SInv    .            (no boots)
Will    .....        (no amulet)
Stlth   ++           (no ring)
HPRegen 0.24/turn    (no ring)
MPRegen 0.11/turn

%: no passive effects
@: no status effects
A: sickness immunity, AC +4, negative energy resistance 1, electricity
resistance, torment resistance 1, petrification resistance
a: no special abilities


You were on level 4 of the Dungeon.
You visited 1 branch of the dungeon, and saw 4 of its levels.

You collected 78 gold pieces.

Inventory:

Hand Weapons
 c - a +1 dagger of venom (weapon)
Armour
 a - a +0 robe (worn)
Jewellery
 e - a ring of ice
 o - a ring of positive energy
Scrolls
 d - a scroll of brand weapon {unknown}
 f - a scroll of amnesia {unknown}
 i - 2 scrolls of teleportation {unknown}
 j - a scroll of identify {unknown}
 k - a scroll of torment {unknown}
 l - a scroll of blinking {unknown}
 m - a scroll of vulnerability {unknown}
 n - a scroll of revelation {unknown}
 q - a scroll of fog {unknown}
Potions
 b - a potion of magic
 g - a potion of mutation {unknown}
 h - 3 potions of curing {unknown}
 p - a potion of berserk rage {unknown}


   Skills:
 + Level 2.7 Dodging
 - Level 2.2 Stealth
 + Level 3.1 Spellcasting
 + Level 1.5 Conjurations
 - Level 0.7 Transmutations
 + Level 4.8 Earth Magic


You had 6 spell levels left.
You knew the following spells:

 Your Spells              Type           Power      Damage    Failure   Level
a - Sandblast             Erth           40%        2d10      2%          1
b - Stone Arrow           Conj/Erth      28%        3d8       13%         3

Your spell library contained the following spells:

 Spells                   Type           Power      Damage    Failure   Level
 Passwall                 Tmut/Erth      10%        N/A       8%          2
 Lesser Beckoning         Tloc           4%         N/A       24%         2
 Gell's Gravitas          Tloc           2%         N/A       43%         3
 Teleport Other           Tloc           2%         N/A       43%         3
 Petrify                  Tmut/Erth      12%        N/A       45%         4


Dungeon Overview and Level Annotations

Branches:
Dungeon (4/15)
 Temple: D:4-7

Altars:
Fedhas
Hepliaklqana

Annotations:
D:3 2 transporters, 1 runed translucent door, Crazy Yiuf; oldplebian's ghost, amateur DgCj


Innate Abilities, Weirdness & Mutations

You are immune to sickness and miasma.
Your stone body is resilient. (AC +4)
You are immune to poison.
You resist negative energy. (rN+)
You are resistant to electric shocks. (rElec)
You are resistant to unholy torment.
You are immune to petrification.


Message History

Aiming: Sandblast (safe; 2% risk of failure)
Press: ? - help, Shift-Dir - straight line, f - iguana
Aim: an iguana (85% to hit)
The blast of sand hits the iguana!
The iguana is heavily wounded.
The iguana bites you! The iguana barely misses you.
Casting: Sandblast (safe; 2% risk of failure)
Confirm with . or Enter, or press ? or * to list all spells.
Aiming: Sandblast (safe; 2% risk of failure)
Press: ? - help, Shift-Dir - straight line, f/p - iguana
Aim: an iguana (heavily wounded, 85% to hit)
The blast of sand hits the iguana.
The iguana is almost dead.
The iguana barely misses you.
Casting: Sandblast (safe; 2% risk of failure)
Confirm with . or Enter, or press ? or * to list all spells.
Aiming: Sandblast (safe; 2% risk of failure)
Press: ? - help, Shift-Dir - straight line, f/p - iguana
Aim: an iguana (almost dead, 85% to hit)
The blast of sand hits the iguana but does no damage.
The iguana is almost dead.
The endoplasm closely misses you. The iguana barely misses you.
The endoplasm closely misses you. The iguana bites you!
* * * LOW HITPOINT WARNING * * *
Casting: Sandblast (safe; 2% risk of failure)
Confirm with . or Enter, or press ? or * to list all spells.
Aiming: Sandblast (safe; 2% risk of failure)
Press: ? - help, Shift-Dir - straight line, f/p - iguana
Aim: an iguana (almost dead, 85% to hit)
The blast of sand hits the iguana.
The iguana is almost dead.
The endoplasm freezes you.
You are frozen.
* * * LOW HITPOINT WARNING * * *
The iguana closely misses you.
You closely miss the iguana.
The iguana is almost dead.
The endoplasm freezes you.
You are frozen.
You die...

# ..# ##. #.#
#..####.# #
........#####.##
#..............
.#..............
................
.......<@J......
..####..l.......
#............
#.#..........
...#..........
### #..........
#..........
#..........


You could see an iguana and an endoplasm.

Vanquished Creatures
  A scorpion (D:4)
  Terence (D:3)
  2 dart slugs
  2 orcs (D:3)
  7 ball pythons
  7 bats
  2 endoplasms (D:3)
  6 goblins
  8 hobgoblins
  8 jackals
  4 kobolds
  2 quokkas
  2 frilled lizards
  2 rats (D:1)
54 creatures vanquished.

Notes
Turn   | Place    | Note
-------+----------+-------------------------------------------
     0 | D:1      | Irreverend the Gargoyle Earth Elementalist began the quest
                  | for the Orb.
     0 | D:1      | Reached XP level 1. HP: 10/10 MP: 3/3
   130 | D:1      | Reached XP level 2. HP: 15/15 MP: 0/5
   455 | D:1      | Reached skill level 4 in Earth Magic
   635 | D:1      | Reached XP level 3. HP: 19/19 MP: 3/6
   639 | D:1      | Learned a level 3 spell: Stone Arrow
  1307 | D:2      | Identified the +3 leather armour of Midnight {-Cast rN+++
                  | Will+++ Dex-4}
  1643 | D:3      | Noticed oldplebian's ghost (amateur DgCj)
  1643 | D:3      | Found a transporter.
  1644 | D:3      | Found a transporter.
  1645 | D:3      | Identified the +7 dire flail of Foolhardiness {freeze,
                  | rElec rF+}
  1645 | D:3      | Noticed an ogre
  1650 | D:3      | Noticed an ogre
  1713 | D:3      | Reached XP level 4. HP: 24/24 MP: 5/8
  1984 | D:3      | Noticed Terence
  1988 | D:3      | Killed Terence
  2202 | D:3      | Found a blossoming altar of Fedhas.
  2211 | D:3      | Found a hazy altar of Hepliaklqana.
  2327 | D:3      | Found a runed translucent door.
  2328 | D:3      | Noticed Crazy Yiuf
  2427 | D:4      | Noticed a scorpion
  2433 | D:4      | Killed a scorpion
  2434 | D:4      | Reached skill level 1 in Conjurations
  2434 | D:4      | Reached XP level 5. HP: 18/28 MP: 3/9
  2437 | D:4      | HP: 1/28 [frozen (2)]
  2438 | D:4      | Frozen to death by an endoplasm

Illustrated notes

Levels and vault maps discovered:
D:1:      ebering_hopf_link, layout_basic, chequers_serial_rivers_small_3
D:2:      layout_basic, dreamdust_mushroom_princess
D:3:      layout_loops_ring, mainiacjoe_overflow_swirl, gammafunk_ghost_smash,
          uniq_terence, uniq_crazy_yiuf_cottage
D:4:      layout_basic, tso_metal_star, nicolae_gozag_zags_fifth_avenue,
          kennysheep_another_room

Skill      XL: |  1  2  3  4 |
---------------+-------------+-----
Earth Magic    | 4 |  4.8
Dodging        | 2 |  2.7
Spellcasting   | 3 |  3.1
Conjurations   | 1 |  1.5
Stealth        | |  2.2
Transmutations | |  0.7

Action                     |  1- 3 |  4- 6 || total
---------------------------+-------+-------++-------
  Melee: Unarmed           |    30 |       ||    30
         Dagger            |    11 |     1 ||    12
   Cast: Sandblast         |    52 |    23 ||    75
   Stab: Sleeping          |     1 |       ||     1
 Armour: Robe              |    36 |     2 ||    38
  Dodge: Dodged            |    70 |    14 ||    84

Table legend: (Time is in decaauts)
 A = Elapsed time spent in this place.
 B = Non-inter-level travel time spent in this place.
 C = Inter-level travel time spent in this place.
 D = Time resting spent in this place.
 E = Time spent auto-exploring this place.
 F = Levels seen in this place.
 G = Mean time per level.
                   A        B        C        D        E       F      G
               +--------+--------+--------+--------+--------+-----+--------+
         Total |   2489 |   2386 |    103 |    128 |   1868 |   4 |  622.2 |
       Dungeon |   2489 |   2386 |    103 |    128 |   1868 |   4 |  622.2 |
               +--------+--------+--------+--------+--------+-----+--------+

Top non-repeatable levels by time:
     D:1: 962 daAuts
     D:3: 792 daAuts
     D:2: 718 daAuts
     D:4: 15 daAuts
